 Dungeon Crawl Stone Soup version 0.30-b1-2-g02819fbbbe (webtiles) character file.

Game seed: 8822274597166834523

13 Alarkh the Charlatan (level 2, 12/23 HPs)
             Began as a Demonspawn Artificer on July 11, 2023.
             Got out of the dungeon alive.
             The game lasted 00:00:48 (224 turns).

Alarkh the Charlatan (Demonspawn Artificer)          Turns: 224, Time: 00:00:49

Health: 12/23      AC:  5    Str: 12    XL:     2   Next: 24%
Magic:  2/2        EV: 11    Int: 12    God:
Gold:   0          SH:  0    Dex: 13    Spells: 1/1 levels left

rFire   . . .        f - +0 spear
rCold   . . .        (no shield)
rNeg    . . .        b - +0 leather armour
rPois   .            (no helmet)
rElec   .            (no cloak)
rCorr   .            (no gloves)
SInv    .            (no boots)
Will    .....        (no amulet)
Stlth   +            (no ring)
HPRegen 0.23/turn    (no ring)
MPRegen 0.08/turn

%: no passive effects
@: no status effects
A: molten scales 1
a: no special abilities


You escaped.
You visited 1 branch of the dungeon, and saw 1 of its levels.

Inventory:

Hand Weapons
 a - a +0 club
 f - a +0 spear (weapon)
Armour
 b - a +0 leather armour (worn)
Wands
 c - a wand of flame (14) (quivered)
 d - a wand of charming (15)
 e - a wand of iceblast (4)


   Skills:
 + Level 2.3 Fighting
 - Level 1.7 Armour
 - Level 0.8 Dodging
 - Level 0.8 Stealth
 - Level 3.0 Evocations


You had one spell level left.
You didn't know any spells.
Your spell library was empty.

Dungeon Overview and Level Annotations

Branches:
Dungeon (1/15)

Altars:


Innate Abilities, Weirdness & Mutations

You are partially covered in molten scales. (AC +2)


Message History

That beam is likely to hit you.
Continue anyway? [Y]es or [N]o only, please.
That beam is likely to hit you.
Continue anyway? [Y]es or [N]o only, please.
That beam is likely to hit you.
Continue anyway? [Y]es or [N]o only, please.
That beam is likely to hit you.
Continue anyway?
Okay, then.
Unknown command.
Unknown command.
Unknown command.
Unknown command.
No reachable target in view!
No reachable target in view!
You reach to attack!
You barely miss the goblin. The goblin hits you but does no damage.
You are poisoned.
You hit the goblin.
The goblin is moderately wounded.
You feel very sick. The goblin completely misses you.
You barely miss the goblin.
The goblin is moderately wounded.
You feel sick. The goblin barely misses you.
Aiming: Iceblast
Press: ? - help, Shift-Dir - straight line, p - goblin The mass of ice explodes!
The iceblast engulfs the goblin!!
You kill the goblin!
You feel sick.
You feel sick.
Things that are here:
a +2 dagger of venom; a goblin corpse You feel sick.
You feel sick.
You feel sick.
You feel sick.
You are no longer poisoned.
There is a staircase leading out of the dungeon here.
Are you sure you want to leave the Dungeon?
This will make you lose the game!
You have escaped!

#########.###..#.#.#.#.# #..
#####...#.........#.## #.#
#...........#.#.#....#### #.#
####.###...###.......#.....# #.#
...#.##.#..............###.####.#
.#...###.#.####..#####.#⌠#.......
###..# ##......#.# #.###..##...
.#...# #.#.#.##.# #......##...
...#.# #......#@# #########..†
..##.# #.#.#.##># #.#. ...#.##
#.....##.# #.#.
.#....###.#.###... #)#.
###.##..#.#.# ##. #...
.#..##....#.# .# #...
.†..##..#.#.# .. ....
)#....#.#...# #. .#.#
.#.####....... ....


There were no monsters in sight!

Vanquished Creatures
  A dart slug (D:1)
  An endoplasm (D:1)
  A giant cockroach (D:1)
  4 goblins (D:1)
  2 bats (D:1)
  A frilled lizard (D:1)
10 creatures vanquished.

Notes
Turn   | Place    | Note
-------+----------+-------------------------------------------
     0 | D:1      | Alarkh the Demonspawn Artificer began the quest for the
                  | Orb.
     0 | D:1      | Reached XP level 1. HP: 15/15 MP: 1/1
   179 | D:1      | Gained mutation: You are partially covered in molten
                  | scales. (AC +2) [demonic ancestry]
   179 | D:1      | Reached XP level 2. HP: 22/22 MP: 2/2
   224 | D:$      | Got out of the dungeon alive.

Illustrated notes

Levels and vault maps discovered:
D:1:      dpeg_arrival_tiny_i, layout_loops_ring, serial_glass, glass_columns_c,
          glass_columns_a, glass_columns_a, glass_columns_b, glass_columns_a,
          glass_columns_c, minmay_strange_pillars, item_on_display_a,
          minmay_strange_pillars, feat_on_display,
          chequers_serial_rivers_micro_c, chequers_serial_rivers_room_b

Skill      XL: |  1 |
---------------+----+-----
Fighting       | 2 |  2.3
Armour         | |  1.7
Dodging        | |  0.8
Stealth        | |  0.8
Evocations     | |  3.0

Action                     || total
---------------------------++-------
  Melee: Spear             ||    38
         Club              ||     3
  Evoke: Wand              ||     2
 Armour: Leather armour    ||    11
  Dodge: Dodged            ||    19
